Map: Dusk Towers

Players

LilDicky - Winner!

  • Race: Terran Terran
  • League: Diamond

RubberDuckie

  • Race: Zerg Zerg
  • League: Master

VOD

http://www.twitch.tv/tumescentpie

Description

Time

  • Played on: Nov. 23, 2015, 11:51 p.m.
  • Length: 8:06
Show
View Real Time Build Order
Export as new Build Order

LilDicky Terran - Winner!

Build Orders: Liberator Opening, Reaper Expand 

Get SALT Encoding   

  12  0:01  SCV  
  13  0:13  SCV  
  14  0:18  Supply Depot  
  14  0:25  SCV  
  15  0:38  Refinery  
  15  0:39  SCV  
  16  0:44  Barracks  
  16  0:51  SCV  
  17  1:04  SCV  
  18  1:16  SCV  
  19  1:31  Reaper  
  19  1:32  Orbital Command  
  20  1:41  Command Center  
  20  1:52  Supply Depot  
  20  1:56  Refinery  
  20  2:02  SCV  
  20  2:03  Reaper  
  22  2:15  SCV  
  23  2:23  Factory  
  23  2:27  SCV  
  24  2:37  Barracks Reactor  
  24  2:39  SCV  
  25  2:57  SCV  
  26  2:59  Orbital Command  
  26  3:09  SCV  
  27  3:21  SCV  
  27  3:23  Starport  
  27  3:26  Barracks Reactor  
  28  3:28  Hellion x2  
  28  3:33  SCV  
  33  3:45  SCV  
  34  3:52  Liberator  
  34  3:53  Hellion x2  
  39  3:55  SCV  
  39  3:57  SCV  
  39  3:58  Supply Depot, Liberator  
  40  4:09  SCV, Barracks  
  44  4:11  Barracks Tech Lab, Barracks  
  44  4:16  Hellion x2  
  51  4:30  SCV  
  52  4:32  Stimpack, Marine  
  52  4:37  Hellion x2  
  57  4:39  SCV  
  57  4:40  Supply Depot  
  57  4:42  SCV  
  57  5:09  Barracks Tech Lab  
  57  5:10  Barracks Reactor, Medivac x2  
  57  5:11  Widow Mine  
  57  5:12  Marine  
  57  5:13  Command Center  
  64  5:17  Barracks  
  64  5:19  Supply Depot  
  62  5:30  Marine  
  62  5:32  Marine  
  64  5:48  Marine  
  63  5:51  Marauder  
  64  6:01  Liberator  
  60  6:06  Marauder  
  60  6:08  SCV x2  
  60  6:10  Barracks Reactor, Marine x2  
  66  6:12  Marine  
  70  6:27  Marine x3  
  70  6:29  Armory  
  70  6:30  SCV  
  70  6:31  Marine  
  75  6:36  Refinery  
  75  6:37  Supply Depot  
  75  6:38  Refinery  
  75  6:39  SCV  
  76  6:40  Engineering Bay  
  76  6:41  Engineering Bay  
  76  6:42  SCV  
  76  6:45  Marine x3  
  80  6:49  Marine  
  80  6:50  Marine  
  80  6:51  SCV, Concussive Shells, Marine  
  84  6:54  SCV  
  84  6:58  Supply Depot  
  85  7:03  Marine x2  
  83  7:42  Marine x2  
  83  7:43  Marauder x2  
  87  7:47  Marine x2  
Show
View Real Time Build Order
Export as new Build Order

RubberDuckie Zerg 

Build Orders: Hatch First 

Get SALT Encoding   

  12  0:00  Drone  
  13  0:13  Overlord  
  13  0:19  Drone  
  14  0:24  Extractor  
  14  0:25  Drone  
  15  0:33  Drone  
  16  0:37  Drone  
  17  0:46  Drone  
  18  0:57  Drone  
  19  1:01  Hatchery  
  18  1:12  Spawning Pool  
  18  1:15  Extractor  
  18  1:17  Drone  
  17  1:23  Drone  
  18  1:29  Drone  
  20  1:40  Drone  
  20  1:51  Overlord  
  20  2:00  Queen  
  22  2:12  Zergling x4  
  22  2:14  Queen  
  26  2:19  Metabolic Boost  
  26  2:25  Drone x3  
  29  2:33  Drone  
  29  2:36  Drone  
  31  2:45  Roach Warren, Drone  
  31  2:46  Overlord  
  31  2:56  Drone x2  
  33  3:05  Queen x2  
  35  3:06  Drone  
  38  3:15  Zergling x6  
  38  3:18  Drone x2  
  43  3:23  Drone  
  44  3:28  Overlord  
  42  3:50  Drone x7  
  42  3:54  Hatchery, Drone  
  49  3:59  Roach  
  49  4:00  Overlord  
  49  4:02  Overlord  
  51  4:13  Overlord  
  51  4:21  Roach x6  
  63  4:25  Roach  
  63  4:28  Roach  
  67  4:32  Lair  
  67  4:33  Overlord  
  67  4:36  Drone  
  67  5:01  Drone x8  
  67  5:03  Drone  
  76  5:07  Drone  
  76  5:08  Drone x3  
  76  5:12  Extractor  
  76  5:13  Extractor x2  
  77  5:15  Evolution Chamber  
  77  5:16  Evolution Chamber  
  77  5:18  Drone x3  
  78  5:27  Spore Crawler  
  78  5:28  Spore Crawler  
  76  5:29  Spore Crawler  
  76  5:30  Spore Crawler  
  76  5:32  Spore Crawler  
  73  5:40  Drone x9, Spore Crawler  
  79  6:02  Roach  
  67  6:21  Overlord x3, Extractor  
  67  6:22  Extractor  
  67  6:23  Overlord  
  65  6:27  Hydralisk Den  
  65  6:29  Drone x8  
  72  6:36  Overseer  
  72  6:38  Drone  
  72  6:39  Drone  
  74  6:41  Drone x2  
  74  6:46  Drone x3  
  79  6:47  Drone x3  
  79  6:50  Drone x2  
  84  6:57  Roach  
  84  6:58  Roach x4  
  90  7:26  Roach  
  90  7:29  Overlord x6  
  89  7:30  Overlord x2  
  89  7:33  Roach  
  80  7:46  Roach x7  
  80  7:47  Roach  
Tags
 
Add a new tag
Caveats
  • Supply blocks, unpowered buildings, or Contaminate may cause inaccurate times.
  • Supply counts are checked every 10 seconds.